 Dungeon Crawl Stone Soup version 0.30-a0-359-gd0147acb1a (webtiles) character file.

Game seed: 8622224216432336999

109 tilp the Grave Robber (level 4, -3/33 HPs)
             Began as a Mummy Necromancer on Nov 11, 2022.
             Killed from afar by an orc wizard (6 damage)
             ... with a magic dart
             ... on level 3 of the Dungeon.
             The game lasted 00:04:31 (1729 turns).

tilp the Grave Robber (Mummy Necromancer)           Turns: 1729, Time: 00:04:32

Health: -3/33      AC:  2    Str: 11    XL:     4   Next: 60%
Magic:  3/8        EV: 12    Int: 16    God:
Gold:   144        SH:  0    Dex: 12    Spells: 5/9 levels left

rFire   x . .      SeeInvis .    b - +2 dagger (venom)
rCold   + . .      Faith    +    (no shield)
rNeg    + + +      Spirit   .    e - +0 robe
rPois   ∞          Reflect  .    (no helmet)
rElec   .          Harm     .    (no cloak)
rCorr   .          Rampage  .    (no gloves)
Will    +....                    (no boots)
Stlth   ++........               i - amulet of the acrobat
HPRegen 0.25/turn                h - ring of willpower
MPRegen 0.11/turn                (no ring)

@: no status effects
A: cold resistance 1, negative energy resistance 3, torment resistance 2, heat
vulnerability 1, in touch with death 1, no potions, faith
a: no special abilities


You were on level 3 of the Dungeon.
You visited 1 branch of the dungeon, and saw 3 of its levels.

You collected 144 gold pieces.

Inventory:

Hand Weapons
 a - a +0 sling
 b - a +2 dagger of venom (weapon)
 k - a +1 whip of venom
Missiles
 c - 13 stones
 g - 5 javelins
Armour
 e - a +0 robe (worn)
Jewellery
 h - a ring of willpower (left hand)
 i - an amulet of the acrobat (around neck)
Scrolls
 d - a scroll of noise
 f - a scroll of brand weapon
 j - 2 scrolls of enchant armour
 l - a scroll of fog
 m - a scroll of magic mapping
 o - a scroll of immolation


   Skills:
 * Level 2.2 Fighting
 - Level 2.0 Dodging
 + Level 2.1 Stealth
 - Level 3.0 Spellcasting
 * Level 4.8 Necromancy


You had 5 spell levels left.
You knew the following spells:

 Your Spells              Type           Power      Damage    Failure   Level
a - Necrotise             Necr           100%       1d9       2%          1
b - Vampiric Draining     Necr           26%        2d7       8%          3

Your spell library contained the following spells:

 Spells                   Type           Power      Damage    Failure   Level
 Animate Dead             Necr           26%        N/A       26%         4
 Agony                    Necr           26%        N/A       56%         5


Dungeon Overview and Level Annotations

Branches:
Dungeon (3/15)

Altars:
Yredelemnul


Innate Abilities, Weirdness & Mutations

You are immune to poison.
Your flesh is cold resistant. (rC+)
You are immune to negative energy. (rN+++)
You are immune to unholy pain and torment.
You are vulnerable to heat. (rF-)
You are in touch with the powers of death.
You do not drink.
You have a special connection with the divine. (Faith)


Message History

You hit Terence.
Terence is almost dead.
Terence closely misses you.
You hit Terence.
Terence looks even sicker.
Terence is almost dead.
You kill Terence!
You closely miss the orc. The orc closely misses you.
You hit the orc.
The orc is poisoned.
The orc is severely wounded.
The orc hits you with a +0 flail. Something hits you.
* * * LOW HITPOINT WARNING * * *
Unknown command.
You hit something but do no damage. Something hits you but does no damage.
The orc barely misses you.
Unknown command.
You hit something but do no damage. Something hits you.
* * * LOW HITPOINT WARNING * * *
The orc barely misses you.
Unknown command.
The orc attacks as you move away! The orc barely misses you.
The orc attacks as you move away! The orc hits you with a +0 flail.
* * * LOW HITPOINT WARNING * * *
You feel a bit more experienced. Something hits you.
* * * LOW HITPOINT WARNING * * *
Something hits you.
* * * LOW HITPOINT WARNING * * *
You barely miss something. Something hits you.
* * * LOW HITPOINT WARNING * * *
Casting: Vampiric Draining (quite dangerous; 8% risk of failure)
Confirm with . or Enter, or press ? or * to list all spells.
The spell is quite dangerous to miscast (8% risk of failure)!
Continue anyway?
Aiming: Vampiric Draining (quite dangerous; 8% risk of failure)
Press: ? - help, Shift-Dir - straight line You feel a surge of power!
You draw life force from something.
You feel life coursing into your body.
You hear some strange, mumbled words.
A magic dart appears from out of thin air!
The magic dart hits you.
You die...

....#######
......>....
#.#####......#
#..........#.#
.######..ow.<.#
......>w#.#...#
##......#)#...#
#.####{#.....#
# # #@##).###.#
###.........#
#.........###
....(......#
##.........#
#.........#
#.........#
#.....!...#
#.........#


You could see a dart slug.

Vanquished Creatures
  Terence (D:3)
  An adder (D:2)
  2 worms (D:2)
  2 dart slugs (D:1)
  2 orcs (D:3)
  2 ball pythons (D:1)
  4 bats
  7 endoplasms
  5 giant cockroaches
  6 goblins
  4 hobgoblins
  6 jackals (D:2)
  4 quokkas (D:2)
  3 frilled lizards (D:2)
  3 kobolds
  2 rats
54 creatures vanquished.

Notes
Turn   | Place    | Note
-------+----------+-------------------------------------------
     0 | D:1      | tilp the Mummy Necromancer began the quest for the Orb.
     0 | D:1      | Reached XP level 1. HP: 13/13 MP: 4/4
   256 | D:1      | Reached XP level 2. HP: 20/20 MP: 5/5
   413 | D:1      | Reached skill level 1 in Fighting
   957 | D:2      | Found a basalt altar of Yredelemnul.
   959 | D:2      | Gained mutation: You are in touch with the powers of death.
                  | [Mummy growth]
   959 | D:2      | Reached XP level 3. HP: 26/26 MP: 5/7
   963 | D:2      | Learned a level 3 spell: Vampiric Draining
  1444 | D:2      | Reached XP level 4. HP: 31/33 MP: 8/8
  1700 | D:3      | Noticed Terence
  1718 | D:3      | Killed Terence
  1728 | D:3      | HP: 1/33 [something (4)]
  1729 | D:3      | Killed from afar by an orc wizard

Illustrated notes

Levels and vault maps discovered:
D:1:      dreamdust_arrival_beginning_and_end, layout_rooms,
          chequers_hall_statues_corner_a, dk_noncrumbling_4
D:2:      layout_rooms, basic_altar, minmay_pentomino_q2
D:3:      layout_basic, mainiacjoe_overflow_brackets,
          mainiacjoe_overflow_concentric_impassable,
          ebering_ghost_reflecting_pool, solitary_fountain, uniq_ijyb,
          uniq_terence

Skill      XL: |  1  2  3  4 |
---------------+-------------+-----
Fighting       | 1 2 |  2.2
Spellcasting   | 3 |  3.0
Stealth        | 2 |  2.1
Dodging        | 2 |  2.0
Necromancy     | |  4.8

Action                   |  1- 3 |  4- 6 || total
-------------------------+-------+-------++-------
Melee: Dagger            |    51 |    22 ||    73
       Whip              |     8 |       ||     8
 Fire: Sling             |    96 |     6 ||   102
 Cast: Necrotise         |    18 |     1 ||    19
       Vampiric Draining |       |     2 ||     2
  Use: Scroll            |     4 |     2 ||     6
Armor: Robe              |    19 |     4 ||    23
Dodge: Dodged            |    50 |    19 ||    69

Table legend: (Time is in decaauts)
 A = Elapsed time spent in this place.
 B = Non-inter-level travel time spent in this place.
 C = Inter-level travel time spent in this place.
 D = Time resting spent in this place.
 E = Time spent auto-exploring this place.
 F = Levels seen in this place.
 G = Mean time per level.
                   A        B        C        D        E       F      G
               +--------+--------+--------+--------+--------+-----+--------+
         Total |   1751 |   1711 |     40 |    192 |   1110 |   3 |  583.7 |
       Dungeon |   1751 |   1711 |     40 |    192 |   1110 |   3 |  583.7 |
               +--------+--------+--------+--------+--------+-----+--------+

Top non-repeatable levels by time:
     D:1: 908 daAuts
     D:2: 801 daAuts
     D:3: 41 daAuts
